 Dungeon Crawl Stone Soup version 0.14-a0-736-g2a71271 (webtiles) character file.

163 PolkaDot the Skirmisher (level 4, -4/40 HPs)
             Began as a Hill Orc Fighter on Nov 7, 2013.
             Was an Initiate of Beogh.
             Killed by nerve-wracking pain
             ... invoked by Grinder
              (8 damage)
             ... while paralysed by Grinder
             ... on Level 3 of the Dungeon.
             The game lasted 00:04:52 (1935 turns).

PolkaDot the Skirmisher (Hill Orc Fighter)          Turns: 1935, Time: 00:04:52

HP  -4/40        AC  7     Str 18      XL: 4   Next: 10%
MP   3/3         EV  2     Int  8      God: Beogh [......]
Gold 100         SH  0     Dex 11      Spells:  0 memorised,  3 levels left

Res.Fire  : . . .   See Invis. : .   a - +0 orc falchion
Res.Cold  : . . .   Warding    : .   b - +0 orc scale mail
Life Prot.: . . .   Conserve   : .   c - +0 orc shield
Res.Poison: .       Res.Corr.  : .   (no helmet)
Res.Elec. : .       Clarity    : .   (no cloak)
Sust.Abil.: . .     Spirit.Shd : .   (no gloves)
Res.Mut.  : .       Stasis     : .   (no boots)
Res.Rott. : .       Flight     : .   (no amulet)
Saprovore : + . .                    (no ring)
                                     (no ring)

@: paralysed, very slightly contaminated, hasted and slowed, slightly resistant
to hostile enchantments, extremely unstealthy
A: saprovore 1
a: Renounce Religion


You were on level 3 of the Dungeon.
You worshipped Beogh.
Beogh was noncommittal.
You were not hungry.

You visited 1 branch of the dungeon, and saw 3 of its levels.

You collected 100 gold pieces.

Inventory:

Hand weapons
 a - a +0,+0 orcish falchion (weapon)
Armour
 b - a +0 orcish scale mail (worn)
 c - a +0 orcish shield (worn)
Comestibles
 d - 2 meat rations
 j - 2 chokos
 n - 2 bread rations
 u - a chunk of rat flesh
Scrolls
 e - 4 scrolls of identify {unknown}
 l - 2 scrolls of remove curse {unknown}
 o - 2 scrolls of enchant weapon I {unknown}
 p - a scroll of random uselessness {unknown}
 q - a scroll of curse weapon {unknown}
 r - a scroll of amnesia {unknown}
 t - a scroll of teleportation {unknown}
Jewellery
 k - an uncursed ring of protection from fire {unknown}
Potions
 i - 2 potions of speed


   Skills:
 * Level 5.3 Fighting
 - Level 2.1 Long Blades
 + Level 3.9 Armour
 - Level 3.2 Shields


You had 3 spell levels left.
You didn't know any spells.

Dungeon Overview and Level Annotations

Branches:
Dungeon (3/27)

Altars:

Annotations:
D:3 Grinder


Innate Abilities, Weirdness & Mutations

You can tolerate rotten meat.


Message History

It was a potion of confusion.
Grinder gestures.
Grinder blinks!
Grinder zaps a wand.
The magic dart hits you! Grinder gestures at you.
Pain shoots through your body!
* * * LOW HITPOINT WARNING * * *
Grinder zaps a wand.
The magic dart hits you!
* * * LOW HITPOINT WARNING * * *
Drink which item? (? for menu, Esc to quit)
Okay, then.
Grinder zaps a wand.
The magic dart hits you!
* * * LOW HITPOINT WARNING * * *
You swing at nothing.
You feel less confused. Grinder gestures at you.
You suddenly lose the ability to move!
Grinder gestures at you. Pain shoots through your body!
You die...

.... ........
#.......#
##.......####
..........#... #
..........#.##.#
..............
##.....##.##.## #
#.......@.....#
...##.....##5##.##
#......?........#
.#.#......#..##.##
.................#
.)...#....#..##.##
...............#
.......#.#..####
.......#.#..#


You could see Grinder.

Vanquished Creatures
  An adder (D:3)
  A gnoll (D:1)
  A worm (D:2)
  A giant gecko (D:2)
  2 oozes (D:2)
  An orc (D:3)
  2 ball pythons
  A giant cockroach (D:1)
  5 hobgoblins
  2 kobolds (D:2)
  A quokka (D:2)
  3 bats (D:1)
  5 giant newts
  4 goblins
  5 rats
  A bush (D:1)
36 creatures vanquished.

Vanquished Creatures (others)
  Jessica (D:3)
  A giant mite (D:3)
  A ball python (D:3)
  A giant cockroach (D:3)
  A kobold (D:3)
  A rat (D:3)
6 creatures vanquished.

Grand Total: 42 creatures vanquished

Notes
Turn   | Place    | Note
--------------------------------------------------------------
     0 | D:1      | PolkaDot, the Hill Orc Fighter, began the quest for the Orb.
     0 | D:1      | Reached XP level 1. HP: 19/19 MP: 0/0
    47 | D:1      | Reached skill level 4 in Fighting
    51 | D:1      | Reached XP level 2. HP: 19/27 MP: 1/1
   590 | D:1      | Reached XP level 3. HP: 33/33 MP: 2/2
  1356 | D:2      | Reached skill level 5 in Fighting
  1740 | D:3      | Became a worshipper of Beogh the Brigand
  1785 | D:3      | Reached XP level 4. HP: 32/40 MP: 3/3
  1814 | D:3      | Killed Jessica
  1918 | D:3      | Noticed Grinder
  1933 | D:3      | Paralysed by Grinder for 5 turns
  1935 | D:3      | Killed from afar by Grinder

Action                   |  1- 3 |  4- 6 || total
-------------------------+-------+-------++-------
Melee: Falchion          |   250 |    10 ||   260
Invok: Convert to Beogh  |     1 |       ||     1
  Use: Potion            |       |     5 ||     5
